 Dungeon Crawl Stone Soup version 0.29.1-2-gbd0b4ee654 (webtiles) character file.

Game seed: 16719703963507976643

1 eddy2341 the Cudgeller (level 1, -2/19 HPs)
             Began as a Meteoran Cinder Acolyte on Nov 15, 2022.
             Was a High Priest of Ignis.
             Slain by a ball python (3 damage)
             ... on level 1 of the Dungeon.
             The game lasted 00:00:46 (13 turns).

eddy2341 the Cudgeller (Meteoran Cinder Acolyte)      Turns: 13, Time: 00:00:46

Health: -2/19      AC:  2    Str: 15    XL:     1   Next: 28%
Magic:  3/3        EV: 11    Int: 15    God:    Ignis [*****.]
Gold:   0          SH:  0    Dex:  9    Spells: 2/2 levels left

rFire   + . .      SeeInvis .   a - -1 mace (flame)
rCold   . . .      Faith    .   (no shield)
rNeg    . . .      Spirit   .   b - +0 robe
rPois   .          Reflect  .   (no helmet)
rElec   .          Harm     .   (no cloak)
rCorr   .          Rampage  .   (no gloves)
Will    .....                   (no boots)
Stlth   +.........              (no amulet)
HPRegen 0.06/turn               (no ring)
MPRegen 0.08/turn               (no ring)

@: glowing
A: sense surroundings 1, otherworldly, glowing, explore regen
a: Renounce Religion, Fiery Armour, Foxfire Swarm, Rising Flame


You were on level 1 of the Dungeon.
You worshipped Ignis.
Ignis was extremely pleased with you.
You visited 1 branch of the dungeon, and saw 1 of its levels.

Inventory:

Hand Weapons
 a - a -1 mace of flaming (weapon)
Armour
 b - a +0 robe (worn)


   Skills:
 * Level 3.3 Fighting
 + Level 0.0(2.1) Axes
 + Level 4.0 Maces & Flails
 * Level 0.1 Dodging
 - Level 1.3 Spellcasting
 - Level 3.6 Fire Magic


You had 2 spell levels left.
You didn't know any spells.
Your spell library contained the following spells:

 Spells                   Type           Power      Damage    Failure   Level
 Scorch                   Fire           22%        2d6       9%          2


Dungeon Overview and Level Annotations

Branches:
Dungeon (1/15) Zot: 584

Altars:

Shops:
D:1 =


Innate Abilities, Weirdness & Mutations

You passively map a small area around you.
You are easily found by Zot.
You glow in the dark.
You regain HP and MP as you explore.


Message History

The hobgoblin shouts!
The jackal barks!
You hear an angry hiss.
You hear a shout!
A jackal comes into view.
A giant cockroach comes into view.
The jackal moves out of view.
The giant cockroach moves out of view.
A ball python comes into view.
The jackal barely misses you.
You closely miss the jackal.
The ball python hisses angrily.
The jackal misses you. The jackal bites you.
You hit the jackal. You burn the jackal.
You kill the jackal!
A goblin comes into view. It is wielding a +0 dagger.
A rat comes into view.
You hit the hobgoblin but do no damage. The jackal barely misses you.
A hobgoblin comes into view. x2
The hobgoblin closely misses you.
The jackal bites you but does no damage.
The hobgoblin shouts!
You hit the hobgoblin but do no damage. The jackal misses you.
The jackal barely misses you. The hobgoblin hits you. The jackal misses you.
The jackal bites you. The jackal attacks as you move away!
The jackal misses you.
There are monsters nearby!
You don't know any spells.
There's nothing to open nearby.
You hit the hobgoblin. You burn the hobgoblin.
The hobgoblin is moderately wounded.
The jackal bites you. x2; The hobgoblin hits you.
The ball python bites you. The ball python closely misses you.
The jackal bites you but does no damage.
The jackal bites you. The hobgoblin hits you.
* * * LOW HITPOINT WARNING * * *
You closely miss the jackal. The ball python bites you.
* * * LOW HITPOINT WARNING * * *
The ball python barely misses you.
The jackal bites you but does no damage.
The jackal bites you.
* * * LOW HITPOINT WARNING * * *
The hobgoblin misses you. The ball python bites you.
You die...

, .####...... , * *
*,.........###., , ,
#.........#.. , , ,
###..........: *
,.......#...# , . *
#....###.## .## , ,
... ##.....#..<#...#.
,
#..#∩................
##....g@......#......
,
*#.....hhS....###.....
#....?rg......# .....
........g.............
* * ,
......g...............
###...................
, ##.............### *
.............## *
.....#.#.##..


You could see 2 jackals, 3 hobgoblins, a goblin, a ball python and a rat.

Vanquished Creatures
  A jackal (D:1)
1 creature vanquished.

Notes
Turn   | Place    | Note
-------+----------+-------------------------------------------
     0 | D:1      | eddy2341 the Meteoran Cinder Acolyte began the quest for
                  | the Orb.
     0 | D:1      | Reached XP level 1. HP: 19/19 MP: 3/3
     1 | D:1      | Found Turu's Jewellery Shop.
    13 | D:1      | Slain by a ball python

Illustrated notes

Levels and vault maps discovered:
D:1:      minmay_arrival_five_plusses, layout_rooms, serial_aquarium,
          aquarium_bridge_square [aquarium_subvault_wall,
          aquarium_subvault_balcony, aquarium_subvault_bridge,
          aquarium_subvault_bridge], aquarium_window_fake, aquarium_window_fake,
          aquarium_window_fake, aquarium_view_2d, aquarium_balcony_3a,
          serial_shops, shop, chequers_serial_rivers_large_a,
          minmay_misc_feat_cross

Action                   || total
-------------------------++-------
Melee: Mace              ||     6
Armor: Robe              ||     3
Dodge: Dodged            ||    11
